 Dungeon Sprint DCSS version 0.26.1-2-gb8aa6d0cf2 (webtiles) character file.

Game seed: 12417433795151584717

287 Groucho the Covert (level 6, -6/37 HPs)
             Began as a Gargoyle Berserker on Mar 20, 2021.
             Was a Believer of Trog.
             Mangled by a yak (15 damage)
             ... in the Dungeon (Sprint I: "Red Sonja").
             The game lasted 00:00:58 (563 turns).

Groucho the Covert (Gargoyle Berserker)              Turns: 563, Time: 00:00:58

Health: -6/37      AC:  6    Str: 21    XL:     6   Next: 30%
Magic:  6/6        EV: 12    Int:  7    God:    Trog [**....]
Gold:   297        SH:  0    Dex: 11    Spells: 5/5 levels left

rFire    . . .     SeeInvis .   a - +0 short sword
rCold    . . .     Faith    .   (no shield)
rNeg     + . .     Spirit   .   i - +0 robe
rPois    ∞         Reflect  .   (no helmet)
rElec    +         Harm     .   (no cloak)
rCorr    .         Rampage  .   (no gloves)
Will     ++...     NoTele   +   (no boots)
Stlth    +++++.....             (no amulet)
HPRegen  1.12/turn              (no ring)
MPRegen  0.10/turn              (no ring)

@: regenerating
A: negative energy resistance 1, electricity resistance, unbreathing,
petrification resistance, miasma immunity, AC +4
a: Renounce Religion, Berserk, Trog's Hand


You were in the Dungeon.
You worshipped Trog.
Trog was pleased with you.
You visited 1 branch You collected 297 gold pieces.

Inventory:

Hand Weapons
 a - a +0 short sword (weapon)
Missiles
 j - 30 stones
Armour
 i - a +0 robe (worn)
Scrolls
 b - a scroll of enchant weapon {unknown}
 h - a scroll of blinking
Potions
 c - a potion of curing
 d - a potion of heal wounds
 e - a potion of haste
 f - 2 potions of magic
 g - a potion of berserk rage


   Skills:
 - Level 3.2 Fighting
 - Level 2.6 Short Blades
 - Level 2.1 Armour
 - Level 1.5 Dodging
 + Level 14.3 Stealth


You had 5 spell levels left.
You didn't know any spells.
Your spell library was empty.

Dungeon Overview and Level Annotations

Branches:
Dungeon (1/1)

Altars:
Cheibriados
Dithmenos
Elyvilon
Fedhas
Gozag
Hepliaklqana
Kikubaaqudgha
Okawaru
Qazlal
Ru
Sif Muna
Trog
Uskayaw
Vehumet
Wu Jian
Yredelemnul
Zin
The Shining One

Shops:
D ?


Innate Abilities, Weirdness & Mutations

You are resistant to torment.
Your stone body is resilient. (AC +4)
You are immune to poison.
You resist negative energy. (rN+)
You are resistant to electric shocks. (rElec)
You can survive without breathing.
You are immune to petrification.
You are immune to miasma.


Message History

The yak barely misses you.
You hit the yak.
The yak is almost dead.
The yak misses you.
You hit the yak but do no damage.
The yak is almost dead.
The yak gores you!
You hit the yak but do no damage.
The yak is almost dead.
The yak gores you.
* * * LOW HITPOINT WARNING * * *
You closely miss the yak.
The yak is almost dead.
The yak gores you.
* * * LOW HITPOINT WARNING * * *
Unknown command.
Your skin crawls.
You feel strong-willed. The yak gores you!
You die...

################
#<.#..)..#.['..#
#.['..#..'..#..+
#..#####'#####'#
#..# #..#...#.#
#..#__####..##[#
#..#_____##'#_.+
#⌠⌠#_.∩...Y@.._#
####_..__##_.#'#
#____ ##+#.#
#### ###


You could see a yak.

Vanquished Creatures
  Sigmund (D)
  An ogre (D)
  A jelly (D)
  Ijyb (D)
4 creatures vanquished.

Notes
Turn   | Place    | Note
-------+----------+-------------------------------------------
     0 | D        | Groucho the Gargoyle Berserker began the quest for the Orb.
     0 | D        | Reached XP level 1. HP: 14/14 MP: 1/1
     2 | D        | Noticed Ijyb
     9 | D        | Killed Ijyb
    10 | D        | Reached skill level 6 in Stealth
    10 | D        | Reached XP level 2. HP: 19/19 MP: 2/2
    10 | D        | Reached XP level 3. HP: 23/23 MP: 3/3
   317 | D        | Noticed an ogre
   325 | D        | Killed an ogre
   326 | D        | Reached skill level 10 in Stealth
   326 | D        | Reached XP level 4. HP: 28/28 MP: 4/4
   481 | D        | Noticed Sigmund
   483 | D        | Killed Sigmund
   483 | D        | Reached ** piety under Trog
   484 | D        | Reached skill level 13 in Stealth
   484 | D        | Reached XP level 5. HP: 32/32 MP: 5/5
   484 | D        | Reached XP level 6. HP: 37/37 MP: 6/6
   514 | D        | Found a shimmering blue altar of Sif Muna.
   515 | D        | Found an ornate altar of the Wu Jian Council.
   516 | D        | Found a radiant altar of Vehumet.
   521 | D        | Reached skill level 14 in Stealth
   554 | D        | Found Byca's Magic Scroll Emporium.
   554 | D        | Found an ancient bone altar of Kikubaaqudgha.
   554 | D        | Found a hazy altar of Hepliaklqana.
   554 | D        | Found a stormy altar of Qazlal.
   554 | D        | Found a hide-covered altar of Uskayaw.
   554 | D        | Found a blossoming altar of Fedhas.
   554 | D        | Found a bloodstained altar of Trog.
   554 | D        | Found an iron altar of Okawaru.
   554 | D        | Found a basalt altar of Yredelemnul.
   554 | D        | Found a glowing golden altar of the Shining One.
   554 | D        | Found a snail-covered altar of Cheibriados.
   554 | D        | Found a sacrificial altar of Ru.
   554 | D        | Found a glowing silver altar of Zin.
   554 | D        | Found a shadowy altar of Dithmenos.
   554 | D        | Found a white marble altar of Elyvilon.
   554 | D        | Noticed a yak
   555 | D        | Found an opulent altar of Gozag.
   563 | D        | Mangled by a yak

Illustrated notes

Levels and vault maps discovered:
D:        dungeon_sprint_1 [red_sonja_temple_1, red_sonja_temple_small_1]

Skill      XL: |  1  2  3  4  5  6 |
---------------+-------------------+-----
Stealth        | 6 10 13 14 | 14.3
Fighting       | |  3.2
Short Blades   | |  2.6
Armour         | |  2.1
Dodging        | |  1.5

Action                   |  1- 3 |  4- 6 || total
-------------------------+-------+-------++-------
Melee: Short sword       |     8 |     8 ||    16
Invok: Berserk           |     2 |       ||     2
       Trog's Hand       |       |     1 ||     1
 Stab: Sleeping          |       |     3 ||     3
Dodge: Dodged            |     4 |     2 ||     6
